 Dungeon Sprint DCSS version 0.20-a0-876-g2c7b0bf (webtiles) character file.

6804 hittemvvvvhard the Impaler (level 10, -3/107 HPs)
             Began as a Minotaur Fighter on Mar 15, 2017.
             Was the Champion of Makhleb.
             Slain by a death yak (17 damage)
             ... in the Dungeon (Sprint IX: "|||||||||||||||||||||||||||||").
             The game lasted 00:04:48 (1220 turns).

hittemvvvvhard the Impaler (Minotaur Fighter)       Turns: 1220, Time: 00:04:49

Health: -3/107     AC: 22    Str: 23    XL:     10   Next: 77%
Magic:  9/9        EV: 12    Int:  8    God:    Makhleb [******]
Gold:   0          SH:  0    Dex: 14    Spells: 9/9 levels left

rFire    . . .     SeeInvis .   a - +4 halberd (freeze)
rCold    . . .     Gourm    .   s - +0 plate armour
rNeg     . . .     Faith    .   (shield currently unavailable)
rPois    .         Spirit   .   (helmet restricted)
rElec    .         Reflect  .   (no cloak)
rCorr    .         Harm     .   r - +2 pair of gloves
MR       .....     NoTele   +   q - +0 pair of boots
Stlth    ..........             (no amulet)
Regen    0.3/turn               u - +3 ring of intelligence
MPRegen  0.2/turn               t - +3 ring of dexterity

@: exhausted, hasted, very quick
A: retaliatory headbutt, horns 2
a: Minor Destruction, Lesser Servant of Makhleb, Major Destruction, Greater
Servant of Makhleb, Renounce Religion


You were in the Dungeon.
You worshipped Makhleb.
Makhleb was exalted by your worship.
You were not hungry.

You visited 1 branch

Inventory:

Hand Weapons
 a - a +4 halberd of freezing (weapon)
Armour
 q - a +0 pair of boots (worn)
 r - a +2 pair of gloves (worn)
 s - a +0 plate armour (worn)
Jewellery
 t - a +3 ring of dexterity (left hand)
 u - a +3 ring of intelligence (right hand)
Wands
 l - a wand of acid (7/15)
Scrolls
 k - 3 scrolls of blinking
 n - 3 scrolls of remove curse
 o - 2 scrolls of amnesia
 v - a scroll of fear
Potions
 d - a potion of might
 e - 5 potions of curing
 g - 7 potions of heal wounds
 h - a potion of haste
 i - 4 potions of magic
 m - a potion of invisibility
Comestibles
 b - a royal jelly
 f - a bread ration


   Skills:
 + Level 16.0 Fighting
 - Level 17.0 Polearms
 + Level 16.0 Armour
 + Level 9.6 Dodging
   Level 3.6 Shields


You had 9 spell levels left.
You didn't know any spells.

Dungeon Overview and Level Annotations

Branches:
Dungeon (1/1)

Altars:
Cheibriados
Dithmenos
Elyvilon
Fedhas
Gozag
Hepliaklqana
Kikubaaqudgha
Makhleb
Nemelex Xobeh
Okawaru
Qazlal
Ru
Sif Muna
Trog
Uskayaw
Vehumet
Wu Jian
Xom
Yredelemnul
Zin
The Shining One
Beogh
Jiyva
Lugonu


Innate Abilities, Weirdness & Mutations

You reflexively headbutt those who attack you in melee.
You have a pair of horns on your head.


Message History

You turn to flesh and can move again.
You slice the death yak!! You freeze the death yak!
You headbutt the death yak, but do no damage.
The death yak is heavily wounded.
The death yak gores you!
* * * LOW HITPOINT WARNING * * *
You hit the death yak but do no damage. You headbutt the death yak.
The death yak is heavily wounded.
The death yak gores you but does no damage.
You hit the death yak. You freeze the death yak.
The death yak is heavily wounded.
The death yak gores you but does no damage.
You puncture the death yak! You freeze the death yak.
The death yak is almost dead.
The death yak gores you!
* * * LOW HITPOINT WARNING * * *
You feel yourself speed up.
You feel yourself speed up. The death yak gores you!
You die...

▓.▓.▓.▓
▓.▓.▓|▓
▓.▓.▓[▓
▓.▓.▓.▓
▓.▓.▓Y▓
▓÷▓.▓Y▓
▓.▓.▓Y▓
▓.▓.▓Y▓
▓.▓.▓@▓
▓.▓.▓.▓
▓.▓.▓.▓
▓)▓.▓.▓
▓.▓.▓.▓
▓.▓.▓.▓
▓.▓.▓.▓
▓<▓...▓
▓▓▓▓▓▓▓


You could see 3 death yaks and a yak.

Vanquished Creatures
  2 catoblepae (D)
  2 death yaks (D)
  A black mamba (D)
  3 spiny frogs (D)
  An eye of devastation (shapeshifter) (D)
  A komodo dragon (D)
  A rime drake (D)
  A troll (D)
  2 wyverns (D)
  2 yaks (D)
  A basilisk (D)
  4 water moccasins (D)
  2 porcupines (D)
  2 orc warriors (D)
  An ogre (D)
  2 crocodiles (D)
  2 bullfrogs (D)
  A scorpion (D)
  2 howler monkeys (D)
  A hound (D)
  An adder (D)
  2 leopard geckos (D)
  2 giant cockroaches (D)
  A goblin (D)
  2 hobgoblins (D)
  A ball python skeleton (D)
  A rat (D)
44 creatures vanquished.

Notes
Turn   | Place    | Note
-------+----------+-------------------------------------------
     0 | D        | hittemvvvvhard the Minotaur Fighter began the quest for the Orb.
     0 | D        | Reached XP level 1. HP: 19/19 MP: 0/0
     5 | D        | Reached skill level 3 in Polearms
    71 | D        | Noticed a hound
    87 | D        | Killed a hound
    87 | D        | Reached skill level 5 in Fighting
    87 | D        | Reached skill level 5 in Polearms
    87 | D        | Reached skill level 5 in Armour
    87 | D        | Reached XP level 2. HP: 13/29 MP: 1/1
    87 | D        | Reached XP level 3. HP: 17/36 MP: 2/2
    89 | D        | Reached skill level 6 in Polearms
   263 | D        | Found a roughly hewn altar of Beogh.
   263 | D        | Found a snail-covered altar of Cheibriados.
   263 | D        | Found a shadowy altar of Dithmenos.
   263 | D        | Found a white marble altar of Elyvilon.
   263 | D        | Found a blossoming altar of Fedhas.
   263 | D        | Found an opulent altar of Gozag.
   264 | D        | Found a hazy altar of Hepliaklqana.
   265 | D        | Found a viscous altar of Jiyva.
   266 | D        | Found an ancient bone altar of Kikubaaqudgha.
   267 | D        | Found a corrupted altar of Lugonu.
   268 | D        | Found a burning altar of Makhleb.
   269 | D        | Found a sparkling altar of Nemelex Xobeh.
   270 | D        | Found an iron altar of Okawaru.
   271 | D        | Found a stormy altar of Qazlal.
   272 | D        | Found a sacrificial altar of Ru.
   273 | D        | Found a deep blue altar of Sif Muna.
   274 | D        | Found a bloodstained altar of Trog.
   275 | D        | Found a hide-covered altar of Uskayaw.
   276 | D        | Became a worshipper of Makhleb the Destroyer
   277 | D        | Found a radiant altar of Vehumet.
   278 | D        | Found an ornate altar of the Wu Jian Council.
   279 | D        | Found a shimmering altar of Xom.
   280 | D        | Found a basalt altar of Yredelemnul.
   281 | D        | Found a glowing silver altar of Zin.
   282 | D        | Found a glowing golden altar of the Shining One.
   351 | D        | Noticed an orc warrior
   351 | D        | Noticed an orc warrior
   351 | D        | Noticed an ogre
   351 | D        | Noticed a bullfrog
   355 | D        | Reached skill level 7 in Polearms
   355 | D        | Reached XP level 4. HP: 39/44 MP: 3/3
   359 | D        | Killed a bullfrog
   359 | D        | Reached * piety under Makhleb
   359 | D        | Reached skill level 9 in Polearms
   359 | D        | Reached XP level 5. HP: 42/52 MP: 4/4
   364 | D        | Killed an ogre
   364 | D        | Reached skill level 10 in Polearms
   367 | D        | Killed an orc warrior
   367 | D        | Reached skill level 11 in Polearms
   367 | D        | Reached XP level 6. HP: 33/62 MP: 5/5
   369 | D        | Killed an orc warrior
   369 | D        | Reached ** piety under Makhleb
   369 | D        | Reached skill level 12 in Polearms
   488 | D        | Noticed a glowing orange brain
   488 | D        | Noticed a troll
   488 | D        | Noticed a water moccasin
   488 | D        | Noticed a wyvern
   488 | D        | Noticed a wolf spider
   488 | D        | a glowing orange brain changed into a wolf spider
   493 | D        | Killed a wyvern
   493 | D        | Reached XP level 7. HP: 62/71 MP: 6/6
   500 | D        | Reached skill level 10 in Fighting
   500 | D        | Reached skill level 13 in Polearms
   500 | D        | Reached skill level 10 in Armour
   503 | D        | Noticed an eye of devastation
   503 | D        | a wolf spider changed into an eye of devastation
   504 | D        | Reached *** piety under Makhleb
   506 | D        | Killed a troll
   506 | D        | Reached skill level 14 in Polearms
   515 | D        | Killed an eye of devastation
   515 | D        | Reached XP level 8. HP: 66/82 MP: 7/7
   721 | D        | Noticed a spiny frog
   721 | D        | Noticed a black mamba
   722 | D        | Reached skill level 15 in Polearms
   725 | D        | Reached **** piety under Makhleb
   729 | D        | Noticed a rime drake
   732 | D        | Killed a black mamba
   732 | D        | Reached skill level 16 in Polearms
   736 | D        | Reached XP level 9. HP: 57/91 MP: 8/8
   741 | D        | Killed a spiny frog
   751 | D        | Reached skill level 17 in Polearms
   756 | D        | Killed a rime drake
   756 | D        | Reached ***** piety under Makhleb
   884 | D        | Noticed a komodo dragon
   889 | D        | Noticed a spiny frog
   892 | D        | Noticed a spiny frog
   902 | D        | Killed a komodo dragon
   902 | D        | Reached skill level 5 in Dodging
   908 | D        | Killed a spiny frog
   908 | D        | Reached XP level 10. HP: 100/103 MP: 9/9
   910 | D        | Killed a spiny frog
   910 | D        | Reached ****** piety under Makhleb
   922 | D        | Noticed a death yak
   922 | D        | Noticed a catoblepas
   922 | D        | Noticed a death yak
   922 | D        | Noticed a death yak
   922 | D        | Noticed a catoblepas
   924 | D        | Noticed a death yak
   944 | D        | Noticed a death yak
  1174 | D        | Killed a death yak
  1174 | D        | Reached skill level 15 in Armour
  1180 | D        | Killed a catoblepas
  1180 | D        | Reached skill level 15 in Fighting
  1193 | D        | Killed a death yak
  1207 | D        | Killed a catoblepas
  1220 | D        | Slain by a death yak

Vault maps used:
D:        linesprint

Skill      XL: |  1  2  3  4  5  6  7  8  9 10 |
---------------+-------------------------------+-----
Polearms       | 5 7 9 11 12 14 16 17 | 17.0
Fighting       | 5 6 7 8 9 11 12 14 16 | 16.0
Armour         | 5 6 7 8 9 11 12 14 16 | 16.0
Dodging        | 6 9 |  9.6
Shields        | |  3.6

Action                   |  1- 3 |  4- 6 |  7- 9 | 10-12 || total
-------------------------+-------+-------+-------+-------++-------
Melee: Trident           |    39 |       |       |       ||    39
       Halberd           |     4 |    19 |    83 |    29 ||   135
       Headbutt          |     1 |     2 |    17 |     8 ||    28
  Use: Scroll            |       |       |     4 |     1 ||     5
       Potion            |       |       |     1 |     3 ||     4
 Stab: Petrified         |       |       |       |     4 ||     4
  Eat: Chunk             |       |       |       |     1 ||     1
Armor: Scale mail        |    11 |       |       |       ||    11
       Plate armour      |     1 |     6 |    24 |    28 ||    59
Dodge: Dodged            |    18 |     4 |    17 |     4 ||    43
Block: Shield            |    14 |       |       |       ||    14
